UAA
IRVING BLUE SOX @ MERCER ISLAND SCREAMING EAGLES
08/29/2017
 
TOP OF THE 1ST
Irving Blue Sox batting - Pitching for Mercer Island Screaming Eagles : RHP John Buck
Pitching: RHP John Buck
Batting: RHB Wes Bradley 0-0: Ball
1-0: Called Strike
1-1: SINGLE (Flyball, 9S)
Batting: RHB Anthony Johnston 0-0: DOUBLE (Line Drive, 78M)
Wes Bradley to third
Batting: RHB Maurice Wiebe 0-0: Swinging Strike
0-1: Swinging Strike
0-2: Strikes out looking
Batting: RHB Dustin Johnstone 0-0: Foul Ball, location: 2F
0-1: Swinging Strike
0-2: Foul Ball, location: 2F
0-2: Ball
1-2: Strikes out looking
Batting: RHB Will Hunter 0-0: Ball
1-0: Ball
2-0: Swinging Strike
2-1: Foul Ball, location: 2F
2-2: Strikes out swinging
Top of the 1st over - 0 run(s), 2 hit(s), 0 error(s), 2 left on base; Irving 0 - Mercer Island 0
BOTTOM OF THE 1ST
Mercer Island Screaming Eagles batting - Pitching for Irving Blue Sox : RHP António Aguilar
Pitching: RHP António Aguilar
Batting: RHB Jesús Orozco 0-0: Called Strike
0-1: Ball
1-1: Ball
2-1: Ground out 4-3 (Groundball, 4)
Batting: RHB Cris López 0-0: Called Strike
0-1: Ball
1-1: Foul Ball, location: 2F
1-2: Ground out 4-3 (Groundball, 4M)
Batting: RHB Paul Houston 0-0: Foul Ball, location: 2F
0-1: Ball
1-1: Called Strike
1-2: Ball
2-2: Fly out, F9 (Flyball, 89M)
Bottom of the 1st over - 0 run(s), 0 hit(s), 0 error(s), 0 left on base; Irving 0 - Mercer Island 0
TOP OF THE 2ND
Irving Blue Sox batting - Pitching for Mercer Island Screaming Eagles : RHP John Buck
Batting: SHB Ron Peterson 0-0: Ball
1-0: SINGLE (Flyball, 6MD)
Batting: RHB Pat Lugo 0-0: Ball
1-0: Foul Ball, location: 2F
1-1: Called Strike
1-2: Strikes out swinging
Batting: RHB Alfredo Chávez 0-0: Ball
1-0: Ball
2-0: Grounds into double play, 5-4-3 (Groundball, 5)
Top of the 2nd over - 0 run(s), 1 hit(s), 0 error(s), 0 left on base; Irving 0 - Mercer Island 0
BOTTOM OF THE 2ND
Mercer Island Screaming Eagles batting - Pitching for Irving Blue Sox : RHP António Aguilar
Batting: LHB Nelson Plasenia 0-0: Called Strike
0-1: Foul Ball, location: 2F
0-2: Ball
1-2: Ball
2-2: Fly out, F8 (Line Drive, 8RS)
Batting: LHB Raúl Andrade 0-0: Ball
1-0: Foul Ball, location: 2F
1-1: Ball
2-1: Called Strike
2-2: Foul Ball, location: 2F
2-2: Ball
3-2: Strikes out swinging
Batting: RHB Juan Alba 0-0: Called Strike
0-1: Ball
1-1: Reached on error, E5 (Groundball, 5)
Batting: LHB Ernie Zambrano 0-0: Swinging Strike
0-1: Ball
1-1: Ball
Wild Pitch!
Juan Alba to second
2-1: Fly out, F6 (Popup, 56)
Bottom of the 2nd over - 0 run(s), 0 hit(s), 1 error(s), 1 left on base; Irving 0 - Mercer Island 0
TOP OF THE 3RD
Irving Blue Sox batting - Pitching for Mercer Island Screaming Eagles : RHP John Buck
Batting: RHB Dennis Newell 0-0: Called Strike
0-1: Ball
1-1: Called Strike
1-2: Strikes out swinging
Batting: RHB Wes Bradley 0-0: Called Strike
0-1: Foul Ball, location: 2F
0-2: Ball
1-2: Foul Ball, location: 2F
1-2: Strikes out swinging
Batting: RHB Anthony Johnston 0-0: Called Strike
0-1: Fly out, F3 (Popup, 3S)
Top of the 3rd over - 0 run(s), 0 hit(s), 0 error(s), 0 left on base; Irving 0 - Mercer Island 0
BOTTOM OF THE 3RD
Mercer Island Screaming Eagles batting - Pitching for Irving Blue Sox : RHP António Aguilar
Batting: RHB Luis Jiménez 0-0: Called Strike
0-1: Fly out, F8 (Flyball, 8LM)
Batting: RHB William Miles 0-0: Ball
1-0: Ball
2-0: Foul Ball, location: 2F
2-1: Ball
3-1: SINGLE (Line Drive, 7S)
Batting: RHB Jesús Orozco 0-0: Ball
1-0: Ball
2-0: DOUBLE (Groundball, 3L)
William Miles to third
Batting: RHB Cris López 0-0: Ball
1-0: Ball
2-0: Foul Ball, location: 2F
2-1: Ball
3-1: Foul Ball, location: 2F
3-2: Strikes out looking
Batting: RHB Paul Houston 0-0: Ball
1-0: Called Strike
1-1: Swinging Strike
1-2: Foul Ball, location: 2F
1-2: Ball
2-2: Ball
3-2: Ground out 4-3 (Groundball, 4M)
Bottom of the 3rd over - 0 run(s), 2 hit(s), 0 error(s), 2 left on base; Irving 0 - Mercer Island 0
TOP OF THE 4TH
Irving Blue Sox batting - Pitching for Mercer Island Screaming Eagles : RHP John Buck
Batting: RHB Maurice Wiebe 0-0: Ball
1-0: Called Strike
1-1: Fly out, F9 (Flyball, 89XD)
Batting: RHB Dustin Johnstone 0-0: Swinging Strike
0-1: Called Strike
0-2: Ball
1-2: Foul Ball, location: 2F
1-2: Strikes out swinging
Batting: RHB Will Hunter 0-0: Called Strike
0-1: SOLO HOME RUN (Line Drive, 7D), Distance : 385 ft
Batting: SHB Ron Peterson 0-0: Ball
1-0: Called Strike
1-1: Foul Ball, location: 2F
1-2: Strikes out swinging
Top of the 4th over - 1 run(s), 1 hit(s), 0 error(s), 0 left on base; Irving 1 - Mercer Island 0
BOTTOM OF THE 4TH
Mercer Island Screaming Eagles batting - Pitching for Irving Blue Sox : RHP António Aguilar
Batting: LHB Nelson Plasenia 0-0: Swinging Strike
0-1: Ground out 3-1 (Groundball, 34)
Batting: LHB Raúl Andrade 0-0: Called Strike
0-1: Called Strike
0-2: SINGLE (Line Drive, 4M)
Batting: RHB Juan Alba 0-0: Ball
1-0: Swinging Strike
1-1: Ball
2-1: SINGLE (Groundball, 4MD) (infield hit)
Raúl Andrade to second
Batting: LHB Ernie Zambrano 0-0: Swinging Strike
0-1: Ball
1-1: Called Strike
1-2: Fly out, F8 (Flyball, 8LM)
Batting: RHB Luis Jiménez 0-0: SINGLE (Flyball, 7S)
Raúl Andrade to third
Juan Alba to second
Runner from 3rd tries for Home, SAFE, no throw or cutoff
Batting: RHB William Miles 0-0: Ball
1-0: Ball
2-0: Foul Ball, location: 2F
2-1: Foul Ball, location: 2F
2-2: Foul Ball, location: 2F
2-2: Ball
3-2: Foul Ball, location: 2F
3-2: SINGLE (Line Drive, 89S)
Juan Alba to third
Luis Jiménez to second
Juan Alba scores
Luis Jiménez to third
Batting: RHB Jesús Orozco 0-0: Ball
1-0: SINGLE (Line Drive, 56D)
Luis Jiménez scores
William Miles to second
Pitching: RHP Luis Hernández
Batting: RHB Cris López 0-0: Ball
1-0: Ball
2-0: Fly out, F2 (Popup, 15S)
Bottom of the 4th over - 3 run(s), 5 hit(s), 0 error(s), 2 left on base; Irving 1 - Mercer Island 3
TOP OF THE 5TH
Irving Blue Sox batting - Pitching for Mercer Island Screaming Eagles : RHP John Buck
Batting: RHB Pat Lugo 0-0: Ball
1-0: Swinging Strike
1-1: Called Strike
1-2: Ball
2-2: Ground out U3 (Groundball, 3)
Batting: RHB Alfredo Chávez 0-0: Swinging Strike
0-1: Swinging Strike
0-2: Fly out, F7 (Flyball, 78S)
Batting: RHB Dennis Newell 0-0: Ball
1-0: Swinging Strike
1-1: Swinging Strike
1-2: Ball
2-2: Strikes out looking
Top of the 5th over - 0 run(s), 0 hit(s), 0 error(s), 0 left on base; Irving 1 - Mercer Island 3
BOTTOM OF THE 5TH
Mercer Island Screaming Eagles batting - Pitching for Irving Blue Sox : RHP Luis Hernández
Batting: RHB Paul Houston 0-0: Ball
1-0: Foul Ball, location: 2F
1-1: Called Strike
1-2: Strikes out swinging
Batting: LHB Nelson Plasenia 0-0: Foul Ball, location: 2F
0-1: Ball
1-1: Fly out, F6 (Line Drive, 6)
Batting: LHB Raúl Andrade 0-0: Ball
1-0: Ball
2-0: Called Strike
2-1: Fly out, F9 (Flyball, 89M)
Bottom of the 5th over - 0 run(s), 0 hit(s), 0 error(s), 0 left on base; Irving 1 - Mercer Island 3
TOP OF THE 6TH
Irving Blue Sox batting - Pitching for Mercer Island Screaming Eagles : RHP John Buck
Batting: RHB Wes Bradley 0-0: Fly out, F9 (Flyball, 9LSF)
Batting: RHB Anthony Johnston 0-0: Swinging Strike
0-1: Called Strike
0-2: Ground out 4-3 (Groundball, 4M)
Batting: RHB Maurice Wiebe 0-0: Called Strike
0-1: Ball
1-1: Fly out, F8 (Flyball, 8LM)
Top of the 6th over - 0 run(s), 0 hit(s), 0 error(s), 0 left on base; Irving 1 - Mercer Island 3
BOTTOM OF THE 6TH
Mercer Island Screaming Eagles batting - Pitching for Irving Blue Sox : RHP Luis Hernández
Batting: RHB Juan Alba 0-0: Ball
1-0: Ball
2-0: Ground out 4-3 (Groundball, 4S)
Batting: LHB Ernie Zambrano 0-0: Called Strike
0-1: Foul Ball, location: 2F
0-2: Ball
1-2: Reached on error, E6 (Groundball, 6)
Batting: RHB Luis Jiménez 0-0: Ball
1-0: Ball
2-0: Ball
3-0: Base on Balls
Batting: RHB William Miles 0-0: Ball
1-0: Ball
2-0: SINGLE (Line Drive, 56D)
Ernie Zambrano to third
Luis Jiménez to second
Runner from 3rd tries for Home, SAFE, no throw or cutoff
Batting: RHB Jesús Orozco 0-0: Called Strike
0-1: Ball
1-1: Fly out, F1 (Popup, 13)
Batting: RHB Cris López 0-0: SINGLE (Line Drive, 78S)
Luis Jiménez to third
William Miles to second
Runner from 3rd tries for Home, SAFE, no throw or cutoff
Pitching: RHP Steve Terry
Batting: RHB Paul Houston 0-0: Ball
1-0: Called Strike
1-1: Ball
2-1: Swinging Strike
2-2: Ball
3-2: Base on Balls
William Miles to third
Cris López to second
Batting: LHB Nelson Plasenia 0-0: Ball
1-0: Fielders Choice at 2nd, U6 (Groundball, 6M)
Bottom of the 6th over - 2 run(s), 2 hit(s), 1 error(s), 3 left on base; Irving 1 - Mercer Island 5
TOP OF THE 7TH
Irving Blue Sox batting - Pitching for Mercer Island Screaming Eagles : RHP John Buck
Batting: RHB Dustin Johnstone 0-0: Called Strike
0-1: Swinging Strike
0-2: Ball
1-2: Ball
2-2: Foul Ball, location: 2F
2-2: Ball
3-2: Strikes out swinging
Batting: RHB Will Hunter 0-0: Ball
1-0: Called Strike
1-1: Ball
2-1: SOLO HOME RUN (Line Drive, 78XD), Distance : 435 ft
Batting: SHB Ron Peterson 0-0: Called Strike
0-1: Foul Ball, location: 2F
0-2: Foul Ball, location: 2F
0-2: Fly out, F8 (Popup, 8LM)
Batting: RHB Pat Lugo 0-0: Called Strike
0-1: Foul Ball, location: 2F
0-2: Foul Ball, location: 2F
0-2: Strikes out swinging
Top of the 7th over - 1 run(s), 1 hit(s), 0 error(s), 0 left on base; Irving 2 - Mercer Island 5
BOTTOM OF THE 7TH
Mercer Island Screaming Eagles batting - Pitching for Irving Blue Sox : RHP Steve Terry
Batting: LHB Raúl Andrade 0-0: Ball
1-0: Called Strike
1-1: Ball
2-1: Ball
3-1: Called Strike
3-2: Base on Balls
Batting: RHB Juan Alba 0-0: Called Strike
0-1: Bunted foul
0-2: Ball
1-2: Strikes out swinging
Batting: LHB Ernie Zambrano 0-0: Ball
1-0: Called Strike
1-1: Foul Ball, location: 2F
1-2: Strikes out swinging
Batting: RHB Luis Jiménez 0-0: Ball
1-0: Foul Ball, location: 2F
1-1: Foul Ball, location: 2F
1-2: Ball
2-2: Fly out, F6 (Popup, 6MS)
Bottom of the 7th over - 0 run(s), 0 hit(s), 0 error(s), 1 left on base; Irving 2 - Mercer Island 5
TOP OF THE 8TH
Irving Blue Sox batting - Pitching for Mercer Island Screaming Eagles : RHP John Buck
Batting: RHB Alfredo Chávez 0-0: Called Strike
0-1: Swinging Strike
0-2: Strikes out swinging
Batting: RHB Dennis Newell 0-0: Ground out 4-3 (Groundball, 34)
Batting: RHB Wes Bradley 0-0: Swinging Strike
0-1: Foul Ball, location: 2F
0-2: Ball
1-2: Foul Ball, location: 2F
1-2: Ball
2-2: Foul Ball, location: 2F
2-2: Strikes out swinging
Top of the 8th over - 0 run(s), 0 hit(s), 0 error(s), 0 left on base; Irving 2 - Mercer Island 5
BOTTOM OF THE 8TH
Mercer Island Screaming Eagles batting - Pitching for Irving Blue Sox : RHP Steve Terry
Batting: RHB William Miles 0-0: Fly out, F9 (Flyball, 89M)
Batting: RHB Jesús Orozco 0-0: Called Strike
0-1: Ball
1-1: Ball
2-1: Foul Ball, location: 2F
2-2: Hit by Pitch
Batting: RHB Cris López 0-0: Ball
1-0: Fly out, F8 (Flyball, 8RM)
Batting: RHB Paul Houston 0-0: Hit by Pitch
Jesús Orozco to second
Batting: LHB Nelson Plasenia 0-0: Ball
1-0: Ball
2-0: Ball
3-0: Called Strike
3-1: Swinging Strike
3-2: Base on Balls
Jesús Orozco to third
Paul Houston to second
Batting: LHB Raúl Andrade 0-0: Swinging Strike
0-1: Foul Ball, location: 2F
0-2: Strikes out looking
Bottom of the 8th over - 0 run(s), 0 hit(s), 0 error(s), 3 left on base; Irving 2 - Mercer Island 5
TOP OF THE 9TH
Irving Blue Sox batting - Pitching for Mercer Island Screaming Eagles : RHP John Buck
Pitching: RHP Jim Unknown
Batting: RHB Anthony Johnston 0-0: Foul Ball, location: 2F
0-1: Ball
1-1: Ball
2-1: Swinging Strike
2-2: Strikes out swinging
Batting: RHB Maurice Wiebe 0-0: Called Strike
0-1: Called Strike
0-2: Ball
1-2: Ball
2-2: Strikes out swinging
Batting: RHB Dustin Johnstone 0-0: Called Strike
0-1: Foul Ball, location: 2F
0-2: Fly out, F7 (Flyball, 78D)
Top of the 9th over - 0 run(s), 0 hit(s), 0 error(s), 0 left on base; Irving 2 - Mercer Island 5
This league is powered by Out of the Park Baseball, the baseball management simulation game for PC, Mac and Linux
Saturday, February 27th, 2021 - OOTP Baseball 15.6 Build 34